 Dungeon Crawl Stone Soup version 0.29-a0-529-gfa20dd96a1 (webtiles) character file.

Game seed: 5061573677365947719

9 bande the Shield-Bearer (level 2, 0/23 HPs)
             Began as a Gnoll Wanderer on June 1, 2022.
             Slain by a giant cockroach (1 damage)
             ... on level 1 of the Dungeon.
             The game lasted 00:00:31 (108 turns).

bande the Shield-Bearer (Gnoll Wanderer)             Turns: 108, Time: 00:00:32

Health: 0/23       AC:  2    Str:  7    XL:     2   Next: 16%
Magic:  2/2        EV: 12    Int:  8    God:
Gold:   0          SH:  5    Dex: 18    Spells: 1/1 levels left

rFire   . . .      SeeInvis .   a - +2 short sword
rCold   . . .      Faith    .   c - +0 buckler
rNeg    . . .      Spirit   .   e - +0 robe
rPois   .          Reflect  .   (no helmet)
rElec   .          Harm     .   (no cloak)
rCorr   .          Rampage  .   (no gloves)
Will    .....                   (no boots)
Stlth   +.........              (no amulet)
HPRegen 0.07/turn               (no ring)
MPRegen 0.08/turn               (no ring)

@: brilliant, very slow
A: fangs 1, strong nose, distributed training
a: no special abilities


You were on level 1 of the Dungeon.
You visited 1 branch of the dungeon, and saw 1 of its levels.

Inventory:

Hand Weapons
 a - a +2 short sword (weapon)
 b - a +0 quarterstaff
Armour
 c - a +0 buckler (worn)
 e - a +0 robe (worn)
Scrolls
 d - a scroll of fog


   Skills:
 + Level 2.4 Fighting
 + Level 4.4 Short Blades
 + Level 0.3 Long Blades
 + Level 0.3 Axes
 + Level 0.3 Maces & Flails
 + Level 0.3 Polearms
 + Level 4.4 Staves
 + Level 0.3 Slings
 + Level 0.3 Bows
 + Level 0.3 Crossbows
 + Level 0.3 Throwing
 + Level 2.4 Armour
 + Level 2.4 Dodging
 + Level 2.2 Stealth
 + Level 4.4 Shields
 + Level 0.3 Unarmed Combat
 + Level 0.3 Spellcasting
 + Level 0.2 Conjurations
 + Level 0.2 Hexes
 + Level 0.2 Summonings
 + Level 0.2 Necromancy
 + Level 0.2 Translocations
 + Level 0.2 Transmutations
 + Level 0.2 Fire Magic
 + Level 0.2 Ice Magic
 + Level 0.2 Air Magic
 + Level 0.2 Earth Magic
 + Level 0.2 Poison Magic
 + Level 0.4 Invocations
 + Level 0.3 Evocations


You had one spell level left.
You didn't know any spells.
Your spell library was empty.

Dungeon Overview and Level Annotations

Branches:
Dungeon (1/15)

Altars:


Innate Abilities, Weirdness & Mutations

You have very sharp teeth.
Your uncanny sense of smell can sniff out nearby items.
Your experience applies equally to all skills.


Message History

You are too injured to fight recklessly!
You are too injured to fight recklessly!
You are too injured to fight recklessly!
You are too injured to fight recklessly!
You are too injured to fight recklessly!
You are too injured to fight recklessly!
You are too injured to fight recklessly!
Unknown command.
You puncture the dart slug!
You kill the dart slug!
The rat bites you.
* * * LOW HITPOINT WARNING * * *
The giant cockroach barely misses you.
Unknown command.
You barely miss the rat. The rat bites you.
* * * LOW HITPOINT WARNING * * *
The giant cockroach barely misses you.
Your unstable footing causes you to fumble your attack.
The rat bites you but does no damage.
The giant cockroach splashes around in the water.
Your unstable footing causes you to fumble your attack.
The giant cockroach bites you but does no damage.
The rat splashes around in the water.
Your unstable footing causes you to fumble your attack.
The giant cockroach bites you.
* * * LOW HITPOINT WARNING * * *
You block the rat's attack.
Unknown command.
It was a potion of brilliance.
You feel clever all of a sudden. You block the giant cockroach's attack.
The rat barely misses you.
Your unstable footing causes you to fumble your attack.
The giant cockroach splashes around in the water.
You block the rat's attack.
Your unstable footing causes you to fumble your attack.
The giant cockroach misses you. The rat barely misses you.
You block the giant cockroach's attack.
You hit the giant cockroach but do no damage.
The giant cockroach bites you.
You die...

..................
..........######..
######.### #.#
.######.###
...P..P...#####
.P:≈.≈P≈≈P.....
.≈≈≈≈.≈.≈...##.
≈.≈≈≈≈r@.≈P.#
≈≈≈≈≈≈≈†B.P.#
≈≈(≈≈P≈≈≈P.##
.≈≈≈≈≈.≈≈?.#
#P#.♣..P#.##
#######.... ######


You could see a giant cockroach and a rat.

Vanquished Creatures
  A dart slug (D:1)
  2 endoplasms (D:1)
  2 hobgoblins (D:1)
  A kobold (D:1)
  A rat (D:1)
7 creatures vanquished.

Notes
Turn   | Place    | Note
-------+----------+-------------------------------------------
     0 | D:1      | bande the Gnoll Wanderer began the quest for the Orb.
     0 | D:1      | bande set off with the following items: a +2 short sword, a
                  | +0 quarterstaff, a +0 buckler, a scroll of fog, a +0 robe
     0 | D:1      | Reached XP level 1. HP: 17/17 MP: 1/1
    90 | D:1      | Reached XP level 2. HP: 23/23 MP: 2/2
   104 | D:1      | HP: 1/23 [giant cockroach (2)]
   108 | D:1      | Slain by a giant cockroach

Illustrated notes

Levels and vault maps discovered:
D:1:      elethiomel_arrival_infinity_welcomes_careful_drivers, layout_basic,
          serial_bayou_pond_b

Action                   || total
-------------------------++-------
Melee: Short sword       ||    28
       Bite              ||     1
  Use: Scroll            ||     1
       Potion            ||     1
 Stab: Sleeping          ||     2
Armor: Robe              ||     3
Dodge: Dodged            ||    11
Block: Buckler           ||     9

Table legend: (Time is in decaauts)
 A = Elapsed time spent in this place.
 B = Non-inter-level travel time spent in this place.
 C = Inter-level travel time spent in this place.
 D = Time resting spent in this place.
 E = Time spent auto-exploring this place.
 F = Levels seen in this place.
 G = Mean time per level.
                   A        B        C        D        E       F      G
               +--------+--------+--------+--------+--------+-----+--------+
         Total |    106 |    106 |      0 |      0 |     55 |   1 |  106.0 |
       Dungeon |    106 |    106 |      0 |      0 |     55 |   1 |  106.0 |
               +--------+--------+--------+--------+--------+-----+--------+

Top non-repeatable levels by time:
     D:1: 106 daAuts
